 Dungeon Crawl Stone Soup version 0.31-a0-1458-g2f8d4710b4 (webtiles) character file.

Game seed: 12511376394858286320

98 z0z0l the Digger (level 4, 0/40 HPs)
             Began as a Troll Earth Elementalist on Dec 28, 2023.
             Slain by a kobold
             ... wielding a +0 dagger
              (2 damage)
             ... on level 3 of the Dungeon.
             The game lasted 00:17:21 (1840 turns).

z0z0l the Digger (Troll Earth Elementalist)         Turns: 1840, Time: 00:17:21

Health: 0/40       AC:  4    Str: 16    XL:     4   Next: 44%
Magic:  5/5        EV: 10    Int: 13    God:
Gold:   109        SH:  0    Dex: 10    Spells: 5/6 levels left

rFire   . . .        o - +0 mace
rCold   . . .        (no shield)
rNeg    . . .        a - +0 robe
rPois   .            (helmet restricted)
rElec   .            (no cloak)
rCorr   .            (gloves unavailable)
SInv    .            (boots unavailable)
Will    +....        (no amulet)
Stlth   +            k - ring of willpower
HPRegen 1.06/turn    (no ring)
MPRegen 0.09/turn

%: no passive effects
@: no status effects
A: large, unfitting armour, claws 3, regeneration 1, shaggy fur 1, tough skin 1
a: no special abilities


You were on level 3 of the Dungeon.
You visited 1 branch of the dungeon, and saw 3 of its levels.

You collected 109 gold pieces.

Inventory:

Hand Weapons
 h - a +0 club
 i - a +0 short sword
 l - a +0 sling
 m - a +0 spear
 o - a +0 mace (weapon)
Armour
 a - a +0 robe (worn)
 c - a +0 robe
 j - a +0 ring mail
 p - a +0 robe
Jewellery
 k - a ring of willpower (left claw)
Scrolls
 d - 3 scrolls of identify {unknown}
 f - a scroll of vulnerability {unknown}
 n - 2 scrolls of teleportation {unknown}
 s - a scroll of enchant weapon {unknown}
 u - 2 scrolls of revelation {unknown}
 w - a scroll of fear {unknown}
 x - a scroll of enchant armour {unknown}
Potions
 b - a potion of magic
 e - 2 potions of ambrosia {unknown}
 g - a potion of lignification {unknown}
 q - 2 potions of resistance {unknown}
 r - 2 potions of might {unknown}
 t - a potion of heal wounds {unknown}
 v - a potion of berserk rage {unknown}


   Skills:
 + Level 0.4 Fighting
 + Level 0.4 Maces & Flails
 + Level 0.1 Polearms
 * Level 2.7 Dodging
 + Level 1.1 Stealth
 + Level 0.7 Unarmed Combat
 + Level 1.6 Spellcasting
 + Level 3.2 Earth Magic
 + Level 0.6 Alchemy


You had 5 spell levels left.
You knew the following spells:

 Your Spells              Type           Power      Damage    Failure   Level
a - Sandblast             Erth           18%        2d7       7%          1

Your spell library contained the following spells:

 Spells                   Type           Power      Damage    Failure   Level
 Passwall                 Erth           9%         N/A       22%         3
 Stone Arrow              Conj/Erth      10%        3d7       38%         3
 Petrify                  Alch/Erth      6%         N/A       77%         4
 Brom's Barrelling Bould  Conj/Erth      5%         2d3       80%         4


Dungeon Overview and Level Annotations

Branches:
Dungeon (3/15)

Altars:

Shops:
D:1 ?


Innate Abilities, Weirdness & Mutations

You are too large for most types of armour.
You have claws for hands.
Your natural rate of healing is unusually fast.
You are covered in fur. (AC +1)
You have tough skin. (AC +1)


Message History

The orc wizard flickers and vanishes!
You see here a +0 flail.
The orc barely misses you.
You hear some strange, mumbled words.
Something tries to affect you, but you resist.
You hear some strange, mumbled words.
A magic dart appears from out of thin air!
The magic dart hits you. The orc barely misses you.
You hit something but do no damage.
A bat comes into view.
The orc closely misses you. Something hits you but does no damage.
The orc barely misses you.
The bat moves out of view.
You barely miss something. The orc hits you with a +0 club. Something hits you.
Something burns you. The orc hits you with a +0 club.
The orc hits you but does no damage.
You miss something.
You hear some strange, mumbled words.
A magic dart appears from out of thin air!
The magic dart hits you! The orc misses you.
You hit the kobold.
The kobold is heavily wounded.
The orc hits you with a +0 club. The kobold barely misses you.
Something hits you! Something burns you. Something hits you but does no damage.
You hit the orc.
The orc is heavily wounded.
The orc hits you with a +0 club. The kobold hits you with a +0 dagger.
* * * LOW HITPOINT WARNING * * *
Something hits you.
* * * LOW HITPOINT WARNING * * *
Something burns you.
* * * LOW HITPOINT WARNING * * *
Something hits you.
* * * LOW HITPOINT WARNING * * *
The orc hits you with a +0 club.
* * * LOW HITPOINT WARNING * * *
You hear some strange, mumbled words.
A puff of flame appears from out of thin air!
The puff of flame misses you. Something hits you but does no damage.
The kobold hits you with a +0 dagger.
You die...

.. .## ..## ..#
#.# #.##
#######..######'#
#......)o@Ko.....
#.#######{.b#....
#.# ###.# . #.#
.# #.# #
########.#
.......#.#
#.......#
#.###.###


You could see 2 orcs, a bat and a kobold.

Vanquished Creatures
  Jessica (D:2)
  3 adders
  A worm (D:2)
  2 dart slugs (D:2)
  An orc (D:3)
  8 ball pythons
  2 bats (D:1)
  An endoplasm (D:2)
  3 giant cockroaches
  3 goblins (D:1)
  3 hobgoblins (D:1)
  A quokka (D:1)
  2 frilled lizards (D:1)
  4 kobolds
  3 rats
38 creatures vanquished.

Notes
Turn   | Place    | Note
-------+----------+-------------------------------------------
     0 | D:1      | z0z0l the Troll Earth Elementalist began the quest for the
                  | Orb.
     0 | D:1      | Reached XP level 1. HP: 16/16 MP: 1/1
   149 | D:1      | Found Kuboqec's Magic Scroll Emporium.
   357 | D:1      | Reached XP level 2. HP: 21/24 MP: 2/2
   421 | D:1      | Reached skill level 3 in Earth Magic
   546 | D:1      | Found a faded altar of an unknown god.
  1174 | D:2      | Reached XP level 3. HP: 31/31 MP: 4/4
  1568 | D:2      | Noticed Jessica
  1576 | D:2      | Killed Jessica
  1577 | D:2      | Reached XP level 4. HP: 18/40 MP: 5/5
  1840 | D:3      | HP: 2/40 [orc/+0 club (1)]
  1840 | D:3      | Slain by a kobold

Illustrated notes

Levels and vault maps discovered:
D:1:      ncdulo_wetmaze, layout_loops_corners,
          shapermc_ecumenical_altar_pompeii, serial_shops,
          nicolae_shop_hallway_plus, nicolae_twisty_statue_hallways
D:2:      layout_rooms, serial_bayou_lake_a, uniq_jessica
D:3:      layout_basic

Skill      XL: |  1  2 |
---------------+-------+-----
Earth Magic    | 3 |  3.2
Dodging        | 2 |  2.7
Fighting       | |  0.4
Maces & Flails | |  0.4
Polearms       | |  0.1
Stealth        | |  1.1
Unarmed Combat | |  0.7
Spellcasting   | |  1.6
Alchemy        | |  0.6

Action                     |  1- 3 |  4- 6 || total
---------------------------+-------+-------++-------
  Melee: Unarmed           |    41 |       ||    41
         Spear             |    12 |       ||    12
         Mace              |    58 |    23 ||    81
   Cast: Sandblast         |     2 |       ||     2
   Stab: Sleeping          |     1 |       ||     1
 Armour: Robe              |    65 |    33 ||    98
  Dodge: Dodged            |    65 |    21 ||    86

Table legend: (Time is in decaauts)
 A = Elapsed time spent in this place.
 B = Non-inter-level travel time spent in this place.
 C = Inter-level travel time spent in this place.
 D = Time resting spent in this place.
 E = Time spent auto-exploring this place.
 F = Levels seen in this place.
 G = Mean time per level.
                   A        B        C        D        E       F      G
               +--------+--------+--------+--------+--------+-----+--------+
         Total |   1872 |   1827 |     45 |    300 |      5 |   3 |  624.0 |
       Dungeon |   1872 |   1827 |     45 |    300 |      5 |   3 |  624.0 |
               +--------+--------+--------+--------+--------+-----+--------+

Top non-repeatable levels by time:
     D:1: 1132 daAuts
     D:2: 692 daAuts
     D:3: 47 daAuts
